[Event "Early-Titled-Tuesday-Blitz-August-29-2023"]
[Site "Chess.com"]
[Date "2023.08.29"]
[Round "2"]
[White "RIPOL"]
[Black "KejJaj"]
[Result "0-1"]
[WhiteElo "2441"]
[BlackElo "2172"]
[TimeControl "180+1"]
[EndTime "8:15:26 PDT"]
[Termination "KejJaj won by checkmate"]

1. d4 f5 2. Nf3 Nf6 3. g3 e6 4. Bg2 d5 5. O-O Bd6 6. c4 c6 7. b3 Qe7 8. Ne5 O-O 9. Nd3 b6 10. Bf4 Bxf4 11. gxf4 Ba6 12. Qc2 Rc8 13. Rc1 Nbd7 14.
Nd2 Ne4 15. Nf3 h6 16. Nfe5 Nxe5 17. Nxe5 g5 18. f3 Nf6 19. c5 gxf4 20. Qd2 Nh5 21. cxb6 axb6 22. Rxc6 Rxc6 23. Nxc6 Qg7 24. Kh1 Kh7 25.
Rg1 Rg8 26. Qe1 Qg5 27. Ne5 Ng3+ 28. hxg3 Qh5+ 29. Bh3 Qxh3# 0-1

[Event "Early-Titled-Tuesday-Blitz-August-29-2023"]
[Site "Chess.com"]
[Date "2023.08.29"]
[Round "2"]
[White "Fh2411"]
[Black "FairChess_on_YouTube"]
[Result "0-1"]
[WhiteElo "2661"]
[BlackElo "3055"]
[TimeControl "180+1"]
[EndTime "8:15:30 PDT"]
[Termination "FairChess_on_YouTube won by checkmate"]

1. d4 Nf6 2. c4 e6 3. Nc3 Bb4 4. Qc2 O-O 5. a3 Bxc3+ 6. Qxc3 b6 7. Bg5 Bb7 8. e3 d6 9. Ne2 Nbd7 10. Rd1 Rc8 11.
Qc2 c5 12. Nc3 h6 13. Bh4 cxd4 14. Rxd4 Ne5 15. Qd2 Qe7 16. f3 Bxf3 17. Rxd6 Rfd8 18. Rxd8+ Rxd8 19. Qf2 Qd6 20. Bxf6 Qd1+ 21. Nxd1 Rxd1# 0-1

[Event "Early-Titled-Tuesday-Blitz-August-29-2023"]
[Site "Chess.com"]
[Date "2023.08.29"]
[Round "2"]
[White "OparinGrigoriy"]
[Black "Iskusnyh"]
[Result "1-0"]
[WhiteElo "2977"]
[BlackElo "2635"]
[TimeControl "180+1"]
[EndTime "8:15:34 PDT"]
[Termination "OparinGrigoriy won by resignation"]

1. c4 c5 2. Nc3 g6 3. g3 Bg7 4.
Bg2 Nc6 5. e3 e5 6. a3 Nge7 7.
b4 d6 8. Nge2 O-O 9. O-O Rb8 10.
Rb1 Be6 11. d3 Qd7 12. Nd5 Bh3 13. b5 Bxg2 14. bxc6 Qh3 15. Nxe7+ Kh8 16. c7 Rbe8 17. c8=Q Rxc8 18. Nxc8 Rxc8 19. f3 Bxf1 20. Qxf1 Qd7 21. Nc3 b6 22. Nd5 h5 23. e4 f5 24. Qe2 Rf8 25. Bg5 Kh7 26. Rf1 f4 27. gxf4 exf4 28. Bxf4 b5 29. cxb5 Qxb5 30. Bxd6 Re8 31. e5 Qa6 32.
Qe4 1-0

[Event "Early-Titled-Tuesday-Blitz-August-29-2023"]
[Site "Chess.com"]
[Date "2023.08.29"]
[Round "2"]
[White "chess123456s"]
[Black "DenLaz"]
[Result "0-1"]
[WhiteElo "2659"]
[BlackElo "3049"]
[TimeControl "180+1"]
[EndTime "8:15:35 PDT"]
[Termination "DenLaz won by resignation"]

1. e4 c5 2. Nf3 e6 3. g3 d5 4.
exd5 exd5 5. d4 cxd4 6. Nxd4 Nc6 7. Bg2 Bc5 8. Nb3 Qe7+ 9. Qe2 Bb6 10. Kd1 Be6 11. Nc3 Nf6 12. Bg5 O-O 13. Re1 h6 14.
Bf4 Rfd8 15. Na4 Rac8 16. Nxb6 axb6 17. Qd2 d4 18. Bxc6 bxc6 19. Be5 c5 20. Qf4 Nd5 21. Qf3 Qd7 22. Kd2 Bg4 23. Qe4 Bf5 24. Qf3 Nb4 25.
Rec1 Re8 26. a3 Nxc2 27. Rxc2 Bxc2 0-1

[Event "Early-Titled-Tuesday-Blitz-August-29-2023"]
[Site "Chess.com"]
[Date "2023.08.29"]
[Round "2"]
[White "Veleamater"]
[Black "Real_taiatai"]
[Result "0-1"]
[WhiteElo "2327"]
[BlackElo "2520"]
[TimeControl "180+1"]
[EndTime "8:15:37 PDT"]
[Termination "Real_taiatai won by resignation"]

1. g3 Nf6 2. Bg2 d5 3. d3 Nc6 4. Nf3 e5 5. O-O h6 6. h3 Bc5 7. Nc3 O-O 8. e4 Re8 9. g4 dxe4 10. dxe4 Nd4 11. Be3 Nxf3+ 12. Qxf3 Bxe3 13. Qxe3 Qe7 14. a3 c6 15. Rfd1 Be6 16. Rd2 Nd7 17. Rad1 b6 18.
f4 exf4 19. Qxf4 Qc5+ 20. Kh2 Qe5 21. Kg3 g5 22. Qxe5 Nxe5 23. b3 Kf8 24. Kf2 Ke7 25.
Ke3 Rad8 26. Bf3 Rxd2 27. Rxd2 Rd8 28. Be2 Rxd2 29. Kxd2 Kd6 30. Ke3 Ng6 31. Bf1 Ke5 32. Ne2 Nf4 33. Nd4 Bd7 34. b4 f6 35. c4 c5 36. Nb3 Kd6 37. bxc5+ bxc5 38. Nd2 Ng6 39.
Nb1 Ne5 40. Nc3 Be6 41. Nb5+ Kc6 42. Nxa7+ Kb6 43. Nb5 Bxc4 44. Nd6 Bxf1 45. Ne8 Bxh3 46. Kf2 Bxg4 47. Nxf6 Be6 48. Kg3 c4 0-1

[Event "Early-Titled-Tuesday-Blitz-August-29-2023"]
[Site "Chess.com"]
[Date "2023.08.29"]
[Round "2"]
[White "ejam94"]
[Black "BahadirOzen"]
[Result "1/2-1/2"]
[WhiteElo "2557"]
[BlackElo "2816"]
[TimeControl "180+1"]
[EndTime "8:15:39 PDT"]
[Termination "Game drawn by agreement"]

1. e4 a6 2. d4 c6 3. Nf3 d5 4.
exd5 cxd5 5. Bd3 Bg4 6. O-O Nc6 7. c3 e6 8. h3 Bh5 9. Bf4 Qf6 10. Bg5 Qxg5 11.
Nxg5 Bxd1 12. Rxd1 Bd6 13. Nd2 Nf6 14. g3 h6 15. Ngf3 O-O 16. Nb3 Nd7 17. Kg2 Rfc8 18. a4 g6 19. Be2 Bc7 20. Ra2 Na5 21. Nxa5 Bxa5 22. Ne1 Bc7 23. Nd3 a5 24. Ra3 Bd6 25. Rb3 Rc7 26. Rb5 Kf8 27. f4 Ke7 28. Ne5 h5 29. Nxd7 Kxd7 30. Kf3 Ke7 31. Bd3 Kf6 32. Rb6 Ke7 33. Re1 Ra7 1/2-1/2

[Event "Early-Titled-Tuesday-Blitz-August-29-2023"]
[Site "Chess.com"]
[Date "2023.08.29"]
[Round "2"]
[White "Daniel_Salinas"]
[Black "Galileo22"]
[Result "1-0"]
[WhiteElo "2312"]
[BlackElo "2681"]
[TimeControl "180+1"]
[EndTime "8:15:40 PDT"]
[Termination "Daniel_Salinas won on time"]

1. d4 d5 2. c4 e6 3. Nf3 Nf6 4. g3 dxc4 5. Bg2 Be7 6. O-O O-O 7. Qc2 a6 8. Rd1 Ra7 9. a4 Nc6 10. Qxc4 Bd7 11. Bg5 b5 12. Qc1 Na5 13. Qc2 Nd5 14.
Bxe7 Qxe7 15. Ne5 Rb8 16. axb5 axb5 17. Bxd5 exd5 18. Qc5 Qxc5 19. dxc5 Be6 20. b4 Rba8 21. bxa5 Rxa5 22. Rxa5 Rxa5 23. e4 1-0

[Event "Early-Titled-Tuesday-Blitz-August-29-2023"]
[Site "Chess.com"]
[Date "2023.08.29"]
[Round "2"]
[White "GP9isback23"]
[Black "Sina_Movahed"]
[Result "0-1"]
[WhiteElo "2634"]
[BlackElo "2977"]
[TimeControl "180+1"]
[EndTime "8:15:44 PDT"]
[Termination "Sina_Movahed won by resignation"]

1. Nf3 Nf6 2. e3 g6 3. b3 Bg7 4. Bb2 O-O 5. Be2 c5 6. O-O d5 7.
d4 Ne4 8. c4 dxc4 9. Bxc4 Nc6 10. Nbd2 Nd6 11. Ne5 Nxe5 12. dxe5 Nxc4 13. Nxc4 Qc7 14.
f4 b5 15. Nd2 Bb7 16. Nf3 Rfd8 17. Qe2 Be4 18. Rfd1 c4 19. bxc4 bxc4 20. Bd4 Qc6 21. Rac1 Rac8 22. Rc3 Qa6 23. Rdc1 Bd3 24. Qd2 e6 25.
Ne1 Be4 26. Qe2 Bd5 27. e4 Bb7 28. Bf2 Qa5 29. Rxc4 Ba6 30. h4 Bf8 31. Nf3 Rxc4 32. Rxc4 Qb5 0-1

[Event "Early-Titled-Tuesday-Blitz-August-29-2023"]
[Site "Chess.com"]
[Date "2023.08.29"]
[Round "2"]
[White "Kotofeyca"]
[Black "Sunny_Star"]
[Result "1-0"]
[WhiteElo "2439"]
[BlackElo "2078"]
[TimeControl "180+1"]
[EndTime "8:15:44 PDT"]
[Termination "Kotofeyca won on time"]

1. d4 Nf6 2. c4 e6 3. Nf3 d5 4. Nc3 Be7 5. cxd5 exd5 6. Bg5 O-O 7. Qc2 c5 8. dxc5 Bxc5 9. Rd1 Be6 10. e4 Re8 11. Bb5 Nbd7 12. O-O dxe4 13. Nxe4 Qb6 14.
Bxd7 Nxd7 15. Rxd7 1-0

[Event "Early-Titled-Tuesday-Blitz-August-29-2023"]
[Site "Chess.com"]
[Date "2023.08.29"]
[Round "2"]
[White "Mikhail_Golubev"]
[Black "snowlord"]
[Result "0-1"]
[WhiteElo "2600"]
[BlackElo "2908"]
[TimeControl "180+1"]
[EndTime "8:15:45 PDT"]
[Termination "snowlord won on time"]

1. e4 e5 2. Nf3 Nc6 3. Bc4 Nf6 4. Ng5 d5 5. exd5 Na5 6. Bb5+ c6 7. dxc6 bxc6 8. Bd3 Nd5 9. Nf3 Bd6 10. O-O O-O 11. Re1 f5 12. Nxe5 Qf6 13. Nf3 g5 14.
c4 Nf4 15. Bf1 g4 16. d4 gxf3 17. Qxf3 Ne6 18. c5 Bc7 19. b4 Qxd4 20. bxa5 Qxa1 21. Nc3 Bxa5 22. Qg3+ Kf7 0-1

[Event "Early-Titled-Tuesday-Blitz-August-29-2023"]
[Site "Chess.com"]
[Date "2023.08.29"]
[Round "2"]
[White "BillieKimbah"]
[Black "only_strong_moves"]
[Result "1-0"]
[WhiteElo "3031"]
[BlackElo "2515"]
[TimeControl "180+1"]
[EndTime "8:15:53 PDT"]
[Termination "BillieKimbah won by resignation"]

1. d4 Nf6 2. Nf3 e6 3. Bg5 d5 4. e3 c5 5. Nbd2 Qb6 6. Bxf6 gxf6 7. Rb1 Nc6 8. c3 e5 9. dxc5 Bxc5 10. b4 Bxe3 11. fxe3 Qxe3+ 12. Be2 e4 13. Nd4 Ne5 14. Nf1 Qg5 15. g3 Bg4 16. Qd2 Qh5 17. Ne3 Bxe2 18.
Qxe2 Nd3+ 19. Kd2 Qe5 20. Rhf1 Rc8 21. Rf5 Qc7 22. Nxd5 1-0

[Event "Early-Titled-Tuesday-Blitz-August-29-2023"]
[Site "Chess.com"]
[Date "2023.08.29"]
[Round "2"]
[White "whiteglovethief"]
[Black "stratacticos"]
[Result "1-0"]
[WhiteElo "2427"]
[BlackElo "1828"]
[TimeControl "180+1"]
[EndTime "8:15:53 PDT"]
[Termination "whiteglovethief won on time"]

1. d4 Nf6 2. c4 c5 3. d5 b5 4.
cxb5 a6 5. Nc3 axb5 6. e4 b4 7. Nb5 d6 8. Bf4 g5 9. Bxg5 Nxe4 10. Nf3 Bg7 11. Bd3 Nxg5 12. Nxg5 Bxb2 13. Qh5 Qa5 14. Qxf7+ Kd8 15. O-O Bxa1 16. Rxa1 Ba6 17. Re1 Ra7 18. Ne6+ Kc8 19. Nxd6+ exd6 20. Qxa7 b3 21. Rb1 Re8 22. Bf5 1-0

[Event "Early-Titled-Tuesday-Blitz-August-29-2023"]
[Site "Chess.com"]
[Date "2023.08.29"]
[Round "2"]
[White "falzehope0"]
[Black "CheckThis4"]
[Result "0-1"]
[WhiteElo "2407"]
[BlackElo "2682"]
[TimeControl "180+1"]
[EndTime "8:15:55 PDT"]
[Termination "CheckThis4 won by resignation"]

1. d4 Nf6 2. e3 d5 3. Bd3 c5 4. c3 Nc6 5. f4 g6 6. Nf3 Bf5 7. O-O e6 8. Ne5 Qc7 9. Be2 h5 10. Nd2 Be7 11. b3 cxd4 12. exd4 Nxe5 13. dxe5 Ng4 14.
Bxg4 hxg4 15. Bb2 Bc5+ 16. Kh1 g3 17. h3 Qe7 18. Nf3 O-O-O 19. Nd4 Bxh3 20. gxh3 Rxh3+ 21. Kg1 Qh4 22. Qf3 Rh8 0-1

[Event "Early-Titled-Tuesday-Blitz-August-29-2023"]
[Site "Chess.com"]
[Date "2023.08.29"]
[Round "2"]
[White "ljuks68"]
[Black "hurricane7791"]
[Result "1-0"]
[WhiteElo "2462"]
[BlackElo "2758"]
[TimeControl "180+1"]
[EndTime "8:15:56 PDT"]
[Termination "ljuks68 won by resignation"]

1. e4 c5 2. Nf3 d6 3. d4 cxd4 4. Nxd4 Nf6 5. Nc3 a6 6. Bg5 Nbd7 7. f4 g6 8. Qe2 Bg7 9. O-O-O O-O 10. e5 dxe5 11.
fxe5 Qa5 12. Bxf6 exf6 13. e6 Ne5 14. exf7+ Rxf7 15. h4 Bg4 16. Nf3 Rc8 17. Qe3 Bxf3 18.
gxf3 Rfc7 19. Kb1 f5 20. Rd5 Rxc3 21. Qxc3 Qxc3 22. bxc3 Nxf3 23. Bg2 Ne5 24. Re1 Nc4 25. Rd7 Bxc3 26. Bd5+ Kf8 27. Rf7+ Kg8 28. Rc7+ Kf8 29. Rxc8+ Kg7 30. Re7+ Kf6 31. Rf7+ Ke5 32. Bxc4 1-0

[Event "Early-Titled-Tuesday-Blitz-August-29-2023"]
[Site "Chess.com"]
[Date "2023.08.29"]
[Round "2"]
[White "kasun_bole"]
[Black "Jackleterrible"]
[Result "1-0"]
[WhiteElo "2314"]
[BlackElo "2493"]
[TimeControl "180+1"]
[EndTime "8:16:02 PDT"]
[Termination "kasun_bole won by resignation"]

1. d4 Nf6 2. c4 g6 3. Nc3 d5 4. cxd5 Nxd5 5. Nf3 Bg7 6. Na4 Nb6 7. Nc3 Nd5 8. Na4 O-O 9. e4 Nb6 10. Nc3 c5 11. d5 e6 12. Be3 exd5 13. exd5 Re8 14. Be2 N8d7 15. O-O Nf6 16. Bxc5 Nbxd5 17. Bd4 Be6 18.
Re1 a6 19. Rc1 Rc8 20. a3 Bh6 21. Nxd5 Nxd5 22. Rxc8 Qxc8 23. h3 Nf4 24. Bf1 Rd8 25. Qa4 Bd5 26. Ne5 Bg7 27. Ng4 b5 28. Qb4 a5 29.
Qc3 Bxd4 30. Qxd4 Nh5 31. Nh6+ 1-0

[Event "Early-Titled-Tuesday-Blitz-August-29-2023"]
[Site "Chess.com"]
[Date "2023.08.29"]
[Round "2"]
[White "Caterpiller35"]
[Black "Irina_Mikhaylova"]
[Result "1-0"]
[WhiteElo "2496"]
[BlackElo "2281"]
[TimeControl "180+1"]
[EndTime "8:16:03 PDT"]
[Termination "Caterpiller35 won by resignation"]

1. d4 c5 2. d5 d6 3. Nc3 e5 4. e4 Be7 5. Nf3 Bg4 6. h3 Bd7 7. a4 Nf6 8. Be2 O-O 9. Nd2 Na6 10.
Nc4 Nc7 11. g4 Rb8 12. g5 Nfe8 13. Bg4 b6 14. h4 Qc8 15. Bxd7 Qxd7 16. Ne3 b5 17.
axb5 Nxb5 18. Nxb5 Rxb5 19. b3 Rb4 20. Qd3 g6 21.
Bd2 Rd4 22. Qa6 Rxe4 23. Qxa7 Qxa7 24. Rxa7 Bd8 25. Kd1 f6 26. h5 Ng7 27. hxg6 hxg6 28. Nc4 fxg5 29. Nxd6 Rd4 30. Kc1 Rxd5 31. Ne4 Rxf2 32.
Nxf2 1-0

[Event "Early-Titled-Tuesday-Blitz-August-29-2023"]
[Site "Chess.com"]
[Date "2023.08.29"]
[Round "2"]
[White "sofaceindisguise"]
[Black "platy3"]
[Result "0-1"]
[WhiteElo "2610"]
[BlackElo "2936"]
[TimeControl "180+1"]
[EndTime "8:16:04 PDT"]
[Termination "platy3 won by resignation"]

1. Nf3 b5 2. e3 a6 3. a4 b4 4. a5 Bb7 5. d4 Nf6 6. Be2 e6 7. O-O c5 8. Nbd2 Nc6 9. c3 bxc3 10. bxc3 Nxa5 11. Ba3 Rc8 12. Ne5 Be7 13. Bf3 O-O 14.
Bxb7 Nxb7 15. Qf3 d5 16. Rfb1 Qc7 17. c4 cxd4 18. exd4 Bxa3 19. Rxa3 Nd6 20. c5 Nb5 21. Re3 Nxd4 22. Qf4 Qxc5 23. Rg3 Ne2+ 0-1

[Event "Early-Titled-Tuesday-Blitz-August-29-2023"]
[Site "Chess.com"]
[Date "2023.08.29"]
[Round "2"]
[White "DrDreBeats"]
[Black "gm_rashid"]
[Result "1-0"]
[WhiteElo "2594"]
[BlackElo "2371"]
[TimeControl "180+1"]
[EndTime "8:16:04 PDT"]
[Termination "DrDreBeats won on time"]

1. e4 e6 2. d4 d5 3. exd5 exd5 4. c4 dxc4 5. Bxc4 Nf6 6. Nc3 Nc6 7. Nf3 Bg4 8. O-O Be7 9. Re1 O-O 10. h3 Bxf3 11.
Qxf3 Nxd4 12. Qxb7 Nc2 13. Rd1 Bd6 14. Rb1 Qe7 15.
Bg5 Qe5 16. f4 Qc5+ 17. Kh1 Qxc4 18. Bxf6 gxf6 19. Nd5 Kg7 20. b3 Qe4 21. Qa6 Ne3 22. Nxe3 Qf3 23. gxf3 1-0

[Event "Early-Titled-Tuesday-Blitz-August-29-2023"]
[Site "Chess.com"]
[Date "2023.08.29"]
[Round "2"]
[White "Chernobay_Artem"]
[Black "Msb2"]
[Result "0-1"]
[WhiteElo "2649"]
[BlackElo "3026"]
[TimeControl "180+1"]
[EndTime "8:16:06 PDT"]
[Termination "Msb2 won by resignation"]

1. e4 e6 2. d4 d5 3. Nc3 Nf6 4. Bg5 dxe4 5. Nxe4 Be7 6. Bxf6 gxf6 7. Qd2 c5 8. Nxc5 Bxc5 9. dxc5 Qxd2+ 10. Kxd2 Ke7 11. c3 a5 12. Bb5 Bd7 13. a4 Rc8 14. Bxd7 Nxd7 15. b4 b6 16. Ne2 bxc5 17. b5 Nb6 18.
Kc2 Rd8 19. Nf4 c4 20. Rhd1 Rxd1 21. Kxd1 e5 22. Ne2 f5 23. Kc2 Rd8 24. Re1 f6 25. f4 Kf7 26. Ng3 Ke6 27. Nh5 Rd7 28. fxe5 fxe5 29.
Nf4+ Kf6 30. Nh5+ Kg6 31. Ng3 Rd5 32. Rf1 f4 33. Ne2 Nxa4 34. Ra1 Nb6 35. Rxa5 Kf5 36. Ra7 Rxb5 37. Rxh7 Nd5 38. Rh5+ Ke4 39. Ng1 Ne3+ 40. Kc1 Nxg2 41. Rh8 f3 0-1

[Event "Early-Titled-Tuesday-Blitz-August-29-2023"]
[Site "Chess.com"]
[Date "2023.08.29"]
[Round "2"]
[White "kleinebeer98"]
[Black "Kaua18"]
[Result "1-0"]
[WhiteElo "2779"]
[BlackElo "2480"]
[TimeControl "180+1"]
[EndTime "8:16:06 PDT"]
[Termination "kleinebeer98 won by resignation"]

1. e4 c5 2. Nf3 e6 3. d4 cxd4 4. Bg5 Qb6 5. Qxd4 Nc6 6. Qxb6 axb6 7. Nbd2 Nb4 8. Bd3 Nxd3+ 9. cxd3 d5 10. O-O Nf6 11.
Rfe1 dxe4 12. dxe4 Nd7 13. Rac1 f6 14. Be3 Bc5 15.
Nc4 Ke7 16. a3 b5 17. Bxc5+ Nxc5 18. Nb6 Ra6 19. Nxc8+ Rxc8 20. b4 b6 21. bxc5 bxc5 22. Rc3 e5 23. Rb1 Ra5 24. g3 Kd6 25. Nd2 c4 26. a4 Rxa4 27. Rxb5 Ke6 28. Kg2 g5 29.
Nf1 Rd8 30. Ne3 Rd4 31. Rb6+ Kf7 32. Nd5 Rxe4 33. Rxf6+ Kg7 34. Rc6 g4 35. Ne3 Ra2 36. R6xc4 Rxc4 37. Rxc4 h5 38. Rc6 Re2 39. Re6 Kf7 40.
Rxe5 Kf6 41. Nxg4+ 1-0

[Event "Early-Titled-Tuesday-Blitz-August-29-2023"]
[Site "Chess.com"]
[Date "2023.08.29"]
[Round "2"]
[White "Beltraxtor"]
[Black "jimmy-schlumpf"]
[Result "1-0"]
[WhiteElo "2634"]
[BlackElo "2397"]
[TimeControl "180+1"]
[EndTime "8:16:07 PDT"]
[Termination "Beltraxtor won by resignation"]

1. e4 Nf6 2. e5 Nd5 3. d4 d6 4.
Nf3 g6 5. Bc4 Nb6 6. Bb3 Bg7 7.
exd6 cxd6 8. O-O O-O 9. h3 Nc6 10. Re1 Na5 11. Bg5 Re8 12. Nc3 Nxb3 13. axb3 a6 14. Qd2 Bf5 15. Re2 Rc8 16. Rae1 Rc7 17. g4 Bc8 18. Bh4 h6 19. Bg3 Be6 20. Rxe6 fxe6 21. Rxe6 Kf7 22. d5 Bxc3 23. bxc3 Qd7 24. Qxh6 Rg8 25. Qh7+ Rg7 26. Ng5+ Kf8 27. Qh6 Nxd5 28.
Rxg6 e5 29. Rxg7 1-0

[Event "Early-Titled-Tuesday-Blitz-August-29-2023"]
[Site "Chess.com"]
[Date "2023.08.29"]
[Round "2"]
[White "AttilaTurzo"]
[Black "erlesfar"]
[Result "1-0"]
[WhiteElo "2516"]
[BlackElo "2312"]
[TimeControl "180+1"]
[EndTime "8:16:08 PDT"]
[Termination "AttilaTurzo won by checkmate"]

1. d4 d5 2. Bf4 c5 3. e3 Nc6 4. Nf3 Nf6 5. Nbd2 Qb6 6. dxc5 Qxb2 7. c4 e6 8. Rb1 Qc3 9. cxd5 exd5 10. Bb5 Bxc5 11. Be5 Qa3 12. Bxf6 gxf6 13. O-O O-O 14. Nb3 Be6 15. Rc1 Bb6 16. Bxc6 bxc6 17. Rxc6 Qxa2 18. Nfd4 Rac8 19. Nxe6 Rxc6 20. Qg4+ Kh8 21. Qg7# 1-0

[Event "Early-Titled-Tuesday-Blitz-August-29-2023"]
[Site "Chess.com"]
[Date "2023.08.29"]
[Round "2"]
[White "FREDERICKtheMATE"]
[Black "JiiHart"]
[Result "1-0"]
[WhiteElo "2441"]
[BlackElo "2101"]
[TimeControl "180+1"]
[EndTime "8:16:08 PDT"]
[Termination "FREDERICKtheMATE won by resignation"]

1. Nf3 Nf6 2. g3 g6 3. Bg2 Bg7 4.
O-O O-O 5. d4 d5 6. c4 c5 7. dxc5 dxc4 8. Ne5 Qxd1 9. Rxd1 Nfd7 10. Nxc4 Nxc5 11. Na5 Nba6 12. Nc3 Rb8 13. Bf4 e5 14.
Be3 b6 15. Nc6 Rb7 16. b4 Ne6 17. Nb5 Bd7 18. Ncxa7 Bxb5 19. Bxb7 Bxe2 20. Re1 Bd3 21. Rad1 e4 22. Rxd3 exd3 23. Bxa6 Rd8 24. Bxb6 Rd6 25. Nc8 Rc6 26. Ne7+ Kf8 27. Nxc6 d2 28. Rd1 Bc3 29. b5 Ng5 30. Be3 Ne4 31. b6 1-0

[Event "Early-Titled-Tuesday-Blitz-August-29-2023"]
[Site "Chess.com"]
[Date "2023.08.29"]
[Round "2"]
[White "vladislavkovalev"]
[Black "Chessdreamer2020"]
[Result "1-0"]
[WhiteElo "2906"]
[BlackElo "2597"]
[TimeControl "180+1"]
[EndTime "8:16:10 PDT"]
[Termination "vladislavkovalev won on time"]

1. e4 d6 2. d4 Nf6 3. Nc3 c6 4. a4 e5 5. Nf3 Nbd7 6. Bc4 Be7 7.
O-O O-O 8. Re1 a5 9. h3 Nb6 10. Bd3 Nfd7 11. Ne2 exd4 12. Nexd4 Nc5 13. b3 Bf6 14. Rb1 Re8 15. Ba3 Nbd7 16. Qd2 Ne5 17. Nxe5 Bxe5 18. Nf3 Nxd3 19. Qxd3 Qf6 20. Rbd1 Bf4 21.
Bxd6 Rd8 22. e5 Qh6 23. Qe4 Be6 24. c4 Re8 25. h4 Bg4 26. g3 1-0

[Event "Early-Titled-Tuesday-Blitz-August-29-2023"]
[Site "Chess.com"]
[Date "2023.08.29"]
[Round "2"]
[White "YairParkhov"]
[Black "Mr_November18"]
[Result "1-0"]
[WhiteElo "2680"]
[BlackElo "1897"]
[TimeControl "180+1"]
[EndTime "8:16:10 PDT"]
[Termination "YairParkhov won by resignation"]

1. d4 Nf6 2. c4 g6 3. Nf3 Bg7 4. g3 O-O 5. Bg2 d6 6. O-O Nc6 7. Nc3 a6 8. d5 Na5 9. b3 c5 10.
dxc6 Nxc6 11. Bg5 h6 12. Bf4 Qa5 13. Rc1 Nh5 14. Bd2 Qd8 15. Nd5 Be6 16. Bc3 Bxc3 17.
Nxc3 Ng7 18. Qd2 Kh7 19. Rfd1 Qa5 20. e3 Rfd8 21. Nd4 Bd7 22. Qb2 Rac8 23. Nd5 Nxd4 24. exd4 Re8 25. b4 Qd8 26. c5 dxc5 27. dxc5 Bc6 28.
Nf6+ exf6 29. Rxd8 Rcxd8 30. Bxc6 bxc6 31. Qxf6 1-0

[Event "Early-Titled-Tuesday-Blitz-August-29-2023"]
[Site "Chess.com"]
[Date "2023.08.29"]
[Round "2"]
[White "dodoucb"]
[Black "AradNazari"]
[Result "0-1"]
[WhiteElo "2418"]
[BlackElo "2760"]
[TimeControl "180+1"]
[EndTime "8:16:14 PDT"]
[Termination "AradNazari won by resignation"]

1. Nf3 Nf6 2. c4 c6 3. b3 g6 4. Bb2 Bg7 5. e3 O-O 6. Be2 d5 7. O-O Bf5 8. d4 Nbd7 9. Nbd2 Ne4 10. Nxe4 Bxe4 11. Rc1 Qa5 12. a3 Rfe8 13. b4 Qb6 14.
Nd2 Bf5 15. Qb3 e5 16. dxe5 Nxe5 17. cxd5 cxd5 18. Bd4 Qe6 19. Rfd1 Rac8 20. h3 h5 21. Bxa7 b6 22. Bb5 Rxc1 23. Rxc1 Ra8 24. f4 Nd3 25. Bxd3 Qxe3+ 26. Kh1 Qxd2 27. Rd1 Qe3 0-1

[Event "Early-Titled-Tuesday-Blitz-August-29-2023"]
[Site "Chess.com"]
[Date "2023.08.29"]
[Round "2"]
[White "sergoy"]
[Black "Sadykov_Ramil"]
[Result "1-0"]
[WhiteElo "2946"]
[BlackElo "2616"]
[TimeControl "180+1"]
[EndTime "8:16:19 PDT"]
[Termination "sergoy won on time"]

1. d4 d5 2. c4 c6 3. Nf3 Nf6 4. Nc3 e6 5. e3 Nbd7 6. Qc2 Bd6 7. Bd3 O-O 8. O-O dxc4 9. Bxc4 b5 10. Be2 Bb7 11. e4 e5 12. dxe5 Nxe5 13. Nh4 Ng6 14. Nf5 Bf4 15. Bxf4 Nxf4 16. Rad1 Qb6 17. e5 N6d5 18.
Bf3 Rfe8 19. Rfe1 Rad8 20. Nxd5 Nxd5 21. Nd6 Re6 22. Qf5 Qc7 23. Bg4 Qe7 24. Nxf7 1-0

[Event "Early-Titled-Tuesday-Blitz-August-29-2023"]
[Site "Chess.com"]
[Date "2023.08.29"]
[Round "2"]
[White "zozik"]
[Black "maciek_92"]
[Result "0-1"]
[WhiteElo "2381"]
[BlackElo "2717"]
[TimeControl "180+1"]
[EndTime "8:16:21 PDT"]
[Termination "maciek_92 won on time"]

1. d4 Nf6 2. Nf3 e6 3. c4 b6 4. g3 Ba6 5. Qa4 Bb7 6. Bg2 c5 7. O-O Be7 8. Nc3 O-O 9. Bf4 cxd4 10. Nxd4 Bxg2 11. Kxg2 Qc8 12. Rfd1 Na6 13. Ndb5 Qb7+ 14.
f3 Rfc8 15. Bd6 Bd8 16. e4 Ne8 17. e5 Nc5 18. Qc2 a6 19. Nd4 Nxd6 20. exd6 a5 21. b3 Bf6 22. Ne4 Nxe4 23. Qxe4 Qxe4 24. fxe4 a4 25.
b4 Rxc4 0-1

[Event "Early-Titled-Tuesday-Blitz-August-29-2023"]
[Site "Chess.com"]
[Date "2023.08.29"]
[Round "2"]
[White "expii"]
[Black "AquivaRubinstein"]
[Result "0-1"]
[WhiteElo "2272"]
[BlackElo "2490"]
[TimeControl "180+1"]
[EndTime "8:16:21 PDT"]
[Termination "AquivaRubinstein won by resignation"]

1. e4 Nf6 2. e5 Nd5 3. d4 d6 4. c4 Nb6 5. exd6 cxd6 6. Nc3 g6 7. Nf3 Bg7 8. Be2 O-O 9. O-O Bg4 10. b3 Nc6 11. Be3 d5 12. c5 Nc8 13. h3 Bxf3 14.
Bxf3 e6 15. a3 a5 16. Rb1 N8e7 17. b4 axb4 18. axb4 Nf5 19. Ne2 Qd7 20. Qd2 e5 21.
dxe5 d4 22. Rfd1 Qe6 23. Nxd4 Ncxd4 24. Bxd4 Rad8 25. Qc3 Nxd4 26. Rxd4 Bxe5 27. Rxd8 Bxc3 28. Rxf8+ Kxf8 29. Bxb7 Bxb4 30. c6 Bd6 31. g3 h5 32.
Rc1 Bc7 33. Rd1 Kg7 34. Rd7 Qe5 35. Kg2 Bb6 36. Rd2 g5 37. g4 hxg4 38. hxg4 Qf4 39.
Rb2 Qxg4+ 40. Kf1 Qc4+ 41. Kg2 Qd4 42. Rc2 Qe4+ 0-1

[Event "Early-Titled-Tuesday-Blitz-August-29-2023"]
[Site "Chess.com"]
[Date "2023.08.29"]
[Round "2"]
[White "ExchangeAB"]
[Black "shimastream"]
[Result "0-1"]
[WhiteElo "2489"]
[BlackElo "2892"]
[TimeControl "180+1"]
[EndTime "8:16:24 PDT"]
[Termination "shimastream won by resignation"]

1. d4 Nf6 2. Nc3 g6 3. e4 d6 4. Be2 Bg7 5. h4 h6 6. Nf3 a6 7. Be3 Nc6 8. Qd2 Ng4 9. Bf4 Nxd4 10. Nxd4 e5 11. Be3 Nxe3 12. fxe3 exd4 13. exd4 O-O 14. O-O-O b5 15. Bf3 Rb8 16. Kb1 Be6 17. h5 g5 18.
Nd5 c5 19. c3 b4 20. cxb4 Bxd5 21. exd5 Rxb4 22. Qc2 Qb6 23. Rhe1 Rb8 24. Re2 Bxd4 25.
Rdd2 c4 26. Rxd4 Qxd4 27. Rd2 Qf6 28. Re2 Kg7 29. Rf2 a5 30. Bg4 Rxb2+ 31. Qxb2 Rxb2+ 0-1

[Event "Early-Titled-Tuesday-Blitz-August-29-2023"]
[Site "Chess.com"]
[Date "2023.08.29"]
[Round "2"]
[White "Vanina1989"]
[Black "esteban062000"]
[Result "1-0"]
[WhiteElo "2686"]
[BlackElo "2152"]
[TimeControl "180+1"]
[EndTime "8:16:29 PDT"]
[Termination "Vanina1989 won by resignation"]

1. d4 Nf6 2. c4 e6 3. Nf3 Bb4+ 4. Bd2 Qe7 5. e3 b6 6. Bd3 Bb7 7. a3 Bxd2+ 8. Qxd2 d6 9. Nc3 O-O 10. O-O-O c5 11. d5 exd5 12. cxd5 a6 13. g4 b5 14. g5 Nh5 15. Nh4 g6 16. f4 b4 17. axb4 cxb4 18. Na4 Bxd5 19. Bxg6 hxg6 20. Qxd5 Qxe3+ 21. Kb1 Nd7 22. Nxg6 Nxf4 23. Nxf4 Qxf4 24. g6 Kg7 25.
gxf7 Kf6 26. Rhf1 1-0